 Dungeon Crawl Stone Soup version 0.30.0-5-g1a98f26d00 (webtiles) character file.

Game seed: 16157063214238445914

6984 McKennaii the Destroyer (level 10, 0/69 HPs)
             Began as a Demigod Conjurer on May 12, 2023.
             Shot with an arrow by a centaur warrior (16 damage)
             ... on level 8 of the Dungeon.
             The game lasted 00:13:13 (10082 turns).

McKennaii the Destroyer (Demigod Conjurer)         Turns: 10082, Time: 00:13:14

Health: 0/69       AC:  7    Str:  7    XL:     10   Next: 52%
Magic:  20/37      EV: 17    Int: 36    God:
Gold:   475        SH:  0    Dex: 11    Spells: 22/29 levels left

rFire   . . .        m - staff of air
rCold   . . .        (no shield)
rNeg    . . .        G - +0 steam dragon scales
rPois   .            E - +0 helmet
rElec   +            j - +0 cloak
rCorr   .            (no gloves)
SInv    .            (no boots)
Will    +....        w - amulet of the acrobat
Stlth   ++           l - ring of magical power
HPRegen 0.31/turn    p - +5 ring of evasion
MPRegen 0.25/turn

%: acrobat
@: very slightly contaminated
A: high MP 1, forlorn, divine attributes, clever 1
a: no special abilities


You were on level 8 of the Dungeon.
You visited 1 branch of the dungeon, and saw 8 of its levels.

You collected 475 gold pieces.

Inventory:

Missiles
 t - 4 throwing nets
Armour
 j - a +0 cloak (worn)
 E - a +0 helmet (worn)
 G - +0 steam dragon scales (worn)
Magical Staves
 m - a staff of air (weapon)
Jewellery
 l - a ring of magical power (left hand)
 p - a +5 ring of evasion (right hand)
 s - a ring of protection from fire
 w - an amulet of the acrobat (around neck)
 F - a ring of positive energy
Wands
 o - a wand of polymorph (4)
 r - a wand of digging (5)
 v - a wand of iceblast (7)
 x - a wand of paralysis (10)
 y - a wand of flame (44)
 z - a wand of acid (13)
Scrolls
 a - a scroll of vulnerability
 d - 2 scrolls of fear
 f - a scroll of immolation
 g - 2 scrolls of fog
 n - 3 scrolls of enchant weapon
 u - a scroll of magic mapping
 B - a scroll of brand weapon
Potions
 b - a potion of magic
 c - 2 potions of attraction
 h - 5 potions of mutation
 i - 4 potions of lignification
 k - 3 potions of curing
 C - a potion of might {unknown}
 D - a potion of brilliance {unknown}
 H - a potion of ambrosia {unknown}


   Skills:
 - Level 1.7 Dodging
 - Level 1.7 Stealth
 + Level 10.1 Spellcasting
 + Level 11.4 Conjurations


You had 22 spell levels left.
You knew the following spells:

 Your Spells              Type           Power      Damage    Failure   Level
a - Magic Dart            Conj           100%       1d8       1%          1
b - Searing Ray           Conj           100%       2d8       1%          2
c - Iskenderun's Mystic   Conj/Tloc      56%        2d12      2%          4

Your spell library contained the following spells:

 Spells                   Type           Power      Damage    Failure   Level
 Kiss of Death            Conj/Necr      100%       2d13      1%          1
 Dazzling Flash           Conj/Hex       100%       N/A       1%          3
 Fulminant Prism          Conj/Hex       28%        3d13      2%          4
 Blink                    Tloc           36%        N/A       3%          2
 Confusing Touch          Hex            18%        N/A       7%          3
 Frozen Ramparts          Ice            36%        1d6       7%          3
 Ozocubu's Armour         Ice            18%        N/A       7%          3
 Dispel Undead            Necr           18%        3d11      22%         4
 Ice Form                 Ice/Tmut       18%        N/A       22%         4
 Manifold Assault         Tloc           18%        N/A       22%         4
 Summon Ice Beast         Ice/Summ       18%        N/A       22%         4
 Ozocubu's Refrigeration  Ice            9%         4d9       100%        7
 Storm Form               Tmut/Air       13%        N/A       100%        7


Dungeon Overview and Level Annotations

Branches:
Dungeon (8/15)             Temple (0/1) D:7            Lair (0/5) D:8

Shops:
D:3 =   D:6 (   D:7 [   D:8 *


Innate Abilities, Weirdness & Mutations

You have an increased reservoir of magic. (+10% MP)
You shall have no god before yourself.
Your divine heritage dramatically boosts your attributes as you level up.
Your mind is acute. (Int +4, Str/Dex -1)


Message History

Unknown command.
You start resting.
A centaur warrior is nearby!
Casting: Searing Ray (safe; 1% risk of failure)
Confirm with . or Enter, or press ? or * to list all spells.
Aiming: Searing Ray (safe; 1% risk of failure)
Press: ? - help, Shift-Dir - straight line, f - centaur warrior
Aim: a centaur warrior, wielding a +0 shortbow (87% to hit)
The searing ray hits the centaur warrior!
The centaur warrior is lightly wounded. (Press . to maintain the ray.)
The centaur warrior shoots an arrow.
The arrow misses you.
The centaur warrior shoots an arrow.
The arrow hits you!!
The searing ray hits the centaur warrior.
The centaur warrior is moderately wounded.
Unknown command.
Casting: Searing Ray (safe; 1% risk of failure)
Confirm with . or Enter, or press ? or * to list all spells.
You miscast Iskenderun's Mystic Blast.
You are very lightly contaminated with residual magic.
Nothing appears to happen.
The centaur warrior shoots an arrow.
The arrow hits you!
The centaur warrior shoots an arrow.
The arrow hits you!!
* * * LOW HITPOINT WARNING * * *
Unknown command.
Casting: Iskenderun's Mystic Blast (dangerous; 2% risk of failure)
Confirm with . or Enter, or press ? or * to list all spells.
You erupt in a blast of force!
The mystic blast hits the centaur warrior.
The centaur warrior is moderately wounded.
The centaur warrior is knocked back by the mystic blast.
Unknown command.
Unknown command.
Aiming: Corrosive Bolt
Press: ? - help, Shift-Dir - straight line, f/p - centaur warrior
Aim: a centaur warrior, wielding a +0 shortbow (moderately wounded, 79% to hit)
The bolt of acid hits the centaur warrior!
The acid corrodes the centaur warrior!
The centaur warrior is heavily wounded.
The centaur warrior shoots an arrow.
The arrow hits you!
You die...

## ##..#.....##
##...)...
#..###..........#
###.....
..............# ####..
##..........# ###
#.........##
#........## ##......##
#......# #....@## #
##....## ⌠#
###.....###### .∩#
##...###c..†#.# ..⌠#
##..†## ###....##...##
#...#### ##..........
#......#####.....(...#
##.............c.......
#...#####.#########.###


You could see a centaur warrior (corroded).

Vanquished Creatures
  A two-headed ogre (D:8)
  A cyclops (D:8)
  Maggie (D:7)
  A troll (D:7)
  A hornet (D:8)
  Grinder (D:3)
  Prince Ribbit (D:6)
  2 yaks (D:8)
  2 steam dragons
  Eustachio (D:4)
  Edmund (D:4)
  An acid dragon (D:8)
  2 water moccasins
  2 black bears
  2 ice beasts (D:7)
  Duvessa (D:7)
  2 orc warriors
  3 sky beasts
  An ogre (D:5)
  3 centaurs
  3 kobold brigands
  5 gnoll sergeants
  Blork the orc (D:4)
  2 bullfrogs
  A scorpion (D:6)
  4 wights
  Dowan (D:7)
  5 killer bees
  3 electric eels (D:7)
  6 hounds
  Crazy Yiuf (D:7)
  2 jellies
  5 gnoll boudas
  Natasha (thrice) (D:2)
  4 iguanas
  2 orc wizards
  41 gnolls
  3 adders
  3 shadow imps
  6 white imps
  An ufetubus (D:4)
  2 worms
  3 dart slugs
  12 orcs
  3 ball pythons
  9 endoplasms
  4 giant cockroaches (D:1)
  7 goblins
  6 hobgoblins
  12 jackals
  2 quokkas (D:1)
  4 bats
  5 frilled lizards
  18 kobolds
  5 rats
224 creatures vanquished.

Notes
Turn   | Place    | Note
-------+----------+-------------------------------------------
     0 | D:1      | McKennaii the Demigod Conjurer began the quest for the Orb.
     0 | D:1      | Reached XP level 1. HP: 14/14 MP: 5/5
   198 | D:1      | Reached XP level 2. HP: 20/20 MP: 0/7
   554 | D:1      | Reached skill level 4 in Conjurations
  1268 | D:1      | Reached XP level 3. HP: 26/26 MP: 5/9
  1344 | D:2      | Learned a level 2 spell: Searing Ray
  1551 | D:2      | Noticed Natasha
  1557 | D:2      | Killed Natasha
  1600 | D:2      | Noticed Natasha
  1604 | D:2      | Killed Natasha
  1605 | D:2      | Reached XP level 4. HP: 33/33 MP: 5/11
  1687 | D:2      | Noticed Natasha
  1692 | D:2      | Killed Natasha
  2127 | D:2      | Learned a level 4 spell: Iskenderun's Mystic Blast
  2541 | D:3      | Found Norr's Jewellery Boutique.
  2870 | D:3      | Noticed Grinder
  2900 | D:3      | Killed Grinder
  2901 | D:3      | Reached skill level 5 in Conjurations
  2901 | D:3      | Reached XP level 5. HP: 38/38 MP: 8/14
  2901 | D:3      | Reached XP level 6. HP: 45/45 MP: 8/15
  3360 | D:4      | Noticed Blork the orc
  3366 | D:4      | Killed Blork the orc
  3613 | D:4      | Noticed Eustachio
  3626 | D:4      | Killed Eustachio
  3627 | D:4      | Reached skill level 6 in Conjurations
  3776 | D:4      | Noticed Edmund
  3878 | D:4      | Killed Edmund
  3879 | D:4      | Reached skill level 5 in Spellcasting
  3879 | D:4      | Reached XP level 7. HP: 40/50 MP: 16/18
  4155 | D:4      | Noticed a +0 dagger
  4155 | D:4      | Noticed a +0 spear
  4156 | D:4      | Noticed a +0 short sword
  4156 | D:4      | Noticed a +0 spear
  4157 | D:4      | Noticed a +0 falchion
  4157 | D:4      | Noticed a +0 falchion
  4158 | D:4      | Noticed a +0 short sword
  4159 | D:4      | Noticed a +0 dagger
  4523 | D:5      | Entered Level 5 of the Dungeon
  5444 | D:6      | Reached skill level 7 in Conjurations
  5569 | D:6      | Noticed a steam dragon
  5579 | D:6      | Killed a steam dragon
  5580 | D:6      | Reached XP level 8. HP: 12/57 MP: 15/20
  5748 | D:6      | Found Meivynk's Antique Weapon Emporium.
  5851 | D:6      | Noticed Prince Ribbit
  5858 | D:6      | Killed Prince Ribbit
  5869 | D:6      | Reached skill level 8 in Conjurations
  6555 | D:7      | Noticed Maggie
  6571 | D:7      | Gained mutation: Your mind is acute. (Int +4, Str/Dex -1)
                  | [potion of mutation]
  6571 | D:7      | HP: 2/57 [Maggie/+1 war axe of flaming (5)]
  6764 | D:7      | Killed Maggie
  6765 | D:7      | Reached XP level 9. HP: 47/62 MP: 9/24
  6920 | D:7      | Reached skill level 9 in Conjurations
  6920 | D:7      | Noticed Duvessa
  7073 | D:7      | Killed Duvessa
  7086 | D:7      | Noticed Dowan
  7106 | D:7      | Killed Dowan
  7864 | D:7      | Found Wiqeec's Armour Shop.
  8106 | D:7      | Reached skill level 10 in Conjurations
  8127 | D:7      | Found a staircase to the Ecumenical Temple.
  8760 | D:7      | Found a runed translucent door.
  8761 | D:7      | Noticed Crazy Yiuf
  8923 | D:7      | Killed Crazy Yiuf
  9073 | D:8      | Reached XP level 10. HP: 39/69 MP: 18/27
  9406 | D:8      | Paralysed by a hornet for 3 turns
  9410 | D:8      | Noticed a centaur warrior
  9579 | D:8      | Found a staircase to the Lair.
  9773 | D:8      | Noticed a white ugly thing
  9780 | D:7      | Reached skill level 11 in Conjurations
  9911 | D:8      | Noticed a two-headed ogre
  9924 | D:8      | Killed a two-headed ogre
  9925 | D:8      | Reached skill level 10 in Spellcasting
 10059 | D:8      | Noticed a cyclops
 10061 | D:8      | Found Jerel's General Store.
 10067 | D:8      | Killed a cyclops
 10082 | D:8      | Shot with an arrow by a centaur warrior

Illustrated notes

Levels and vault maps discovered:
D:1:      lemuel_arrival_room, layout_loops_ring, chequers_garden,
          dreamdust_mushroom_princess, dreamdust_wishing_well
D:2:      layout_loops_ring, basic_altar, uniq_natasha
D:3:      layout_loops_cross, hellmonk_ecumenical_altar_run_dry, serial_shops,
          nicolae_shop_peninsula, uniq_grinder
D:4:      layout_basic, nicolae_uskayaw_en_pointe, uniq_eustachio,
          uniq_blork_the_orc, uniq_edmund
D:5:      layout_basic, mainiacjoe_overflow_catwalk
D:6:      layout_cave_pools, kennysheep_mini, cheibrodos_worm_habitat,
          serial_shops, nicolae_shop_dealshenge, uniq_prince_ribbit1
D:7:      layout_cave_pools, overflow_temple_1_default,
          minmay_temple_entry_trees, serial_gnoll_camp,
          gnoll_camp_mini_doghouse, gnoll_camp_huts_moat, gnoll_camp_mini_shop,
          gnoll_camp_medium_01, gnoll_camp_mini_basic, uniq_maggie,
          uniq_crazy_yiuf_cottage, uniq_duvessa
D:8:      layout_cave_pods, mainiacjoe_overflow_six_doors_small,
          david_lair_generic, nicolae_specific_store, minmay_the_grid_2x2
          [minmay_the_grid_small_cups, minmay_the_grid_odd_star,
          minmay_the_grid_minigrid_large, minmay_the_grid_prize_inner_circle]

Skill      XL: |  1  2  3  4  5  6  7  8  9 10 |
---------------+-------------------------------+-----
Spellcasting   | 2 3 4 5 6 7 9 10 | 10.1
Conjurations   | 4 5 6 7 8 10 11 | 11.4
Dodging        | |  1.7
Stealth        | |  1.7

Action                     |  1- 3 |  4- 6 |  7- 9 | 10-12 || total
---------------------------+-------+-------+-------+-------++-------
  Melee: Unarmed           |    21 |       |       |       ||    21
         Staff             |       |       |    12 |       ||    12
         Punch             |       |       |     1 |       ||     1
   Cast: Magic Dart        |    78 |    75 |   385 |    14 ||   552
         Searing Ray       |       |     8 |    48 |    26 ||    82
         Iskenderun's Myst |       |     1 |    14 |    14 ||    29
  Evoke: Wand              |       |       |     4 |     1 ||     5
    Use: Potion            |       |       |     8 |     1 ||     9
         Scroll            |       |       |    10 |     5 ||    15
 Armour: Robe              |     7 |     5 |     1 |       ||    13
         Steam dragon scal |       |       |    14 |    11 ||    25
         Skin              |       |       |     5 |       ||     5
  Dodge: Dodged            |    11 |    28 |   149 |    88 ||   276
